 Dungeon Crawl Stone Soup version 0.19.0-19-g8c6edcc (webtiles) character file.

8365 Haldmier the Carver (level 11, -5/64 HPs)
             Began as a High Elf Skald on Nov 16, 2016.
             Was a Follower of Ashenzari.
             Killed from afar by an electric eel (10 damage)
             ... with a bolt of electricity
             ... on level 2 of the Lair of Beasts.
             The game lasted 01:16:09 (13381 turns).

Haldmier the Carver (High Elf Skald)               Turns: 13381, Time: 01:16:10

Health: -5/64      AC: 11    Str: 14    XL:     11   Next: 8%
Magic:  16/18      EV: 13    Int: 16    God:    Ashenzari [*.....]
Gold:   254        SH:  5    Dex: 16    Spells: 4 memorised, 9 levels left

rFire  . . .     SeeInvis .     a - +0 scimitar (elec) (curse)
rCold  . . .     Gourm    .     j - +0 ring mail
rNeg   . . .     Faith    .     t - +0 buckler (curse)
rPois  .         Spirit   .     g - +0 helmet
rElec  .         Reflect  .     q - +0 cloak {MR+} (curse)
rCorr  .         Harm     .     (no gloves)
MR     ++...                    f - +2 pair of boots (curse)
Stlth  +.........               (no amulet)
                                (no ring)
                                (no ring)

@: no status effects
A: no striking features
a: Curse Item, Scrying, Renounce Religion


You were on level 2 of the Lair of Beasts.
You worshipped Ashenzari.
Ashenzari was aware of your devotion.
You were hungry.

You visited 3 branches of the dungeon, and saw 12 of its levels.

You collected 558 gold pieces.
You spent 304 gold pieces at shops.

Inventory:

Hand Weapons
 a - a cursed +0 scimitar of electrocution (weapon)
Missiles
 x - 8 javelins (quivered)
 B - 18 tomahawks
Armour
 f - a cursed +2 pair of boots (worn)
 g - a +0 helmet (worn)
 j - a +0 ring mail (worn)
 q - a cursed +0 cloak of magic resistance (worn)
 t - a cursed +0 buckler (worn)
Jewellery
 k - an uncursed ring of fire
Wands
 u - a wand of confusion (19/48)
 L - a wand of slowing (39/48)
 M - a wand of flame (12/48)
 R - a wand of digging (10/24)
 T - a wand of teleportation (3/9)
Scrolls
 e - 4 scrolls of remove curse
 n - 4 scrolls of amnesia {unknown}
 o - a scroll of brand weapon {unknown}
 p - 3 scrolls of immolation {unknown}
 s - a scroll of enchant armour {unknown}
 z - 4 scrolls of magic mapping
 A - a scroll of blinking {unknown}
 C - 3 scrolls of fog
 K - 3 scrolls of teleportation
 P - a scroll of random uselessness {unknown}
 Q - a scroll of torment {unknown}
 S - a scroll of holy word {unknown}
Potions
 i - a potion of agility {unknown}
 l - a potion of haste
 r - a potion of mutation {unknown}
 w - 2 potions of berserk rage
 D - 3 potions of brilliance
 E - a potion of ambrosia {unknown}
 J - 2 potions of cancellation
 O - a potion of might
Comestibles
 d - 5 bread rations
 h - 3 meat rations
 m - 3 beef jerkies
 I - a royal jelly


   Skills:
 + Level 2.1 Fighting
 * Level 11.1 Long Blades
 + Level 4.0 Armour
 + Level 4.8 Dodging
 - Level 2.0 Stealth
 - Level 4.0 Shields
 - Level 4.0 Spellcasting
 - Level 5.0 Hexes
 + Level 7.9 Charms
 - Level 4.0 Necromancy
 - Level 4.0 Translocations
 - Level 6.0 Evocations


You had 9 spell levels left.
You knew the following spells:

 Your Spells              Type           Power        Failure   Level  Hunger
a - Infusion              Chrm           ####         1%          1    None
b - Shroud of Golubria    Chrm/Tloc      ###.......   6%          2    ##.....
c - Spectral Weapon       Hex/Chrm       ###.....     10%         3    ###....
d - Regeneration          Chrm/Necr      ###.......   12%         3    ###....


Dungeon Overview and Level Annotations

Branches:
Dungeon (9/15)             Temple (1/1) D:7            Lair (2/6) D:8
  Swamp: Lair:2-4    Shoals: Lair:2-4     Snake: Lair:2-4    Spider: Lair:2-4
    Orc: D:9-12

Altars:
Ashenzari
Cheibriados
Dithmenos
Elyvilon
Fedhas
Gozag
Hepliaklqana
Kikubaaqudgha
Makhleb
Nemelex Xobeh
Okawaru
Qazlal
Ru
Sif Muna
Trog
Uskayaw
Vehumet
Xom
Yredelemnul
Zin
The Shining One

Shops:
D:6 [   D:8 ?

Annotations:
Lair:1 Gastronok
Lair:2 exclusion: hydra


Message History

Your spectral weapon hits the electric eel.
You miss the electric eel.
The electric eel is moderately wounded.
Your spectral weapon closely misses the electric eel.
The electric eel shoots out a bolt of lightning at you!
The bolt of electricity hits you! x2
* * * LOW HITPOINT WARNING * * *
Your shroud unravels.
The electric eel shoots out a bolt of lightning at you!
The bolt of electricity hits your spectral weapon.
Your spectral weapon resists.
Your spectral weapon shares its damage with you!
The bolt of electricity hits you!
* * * LOW HITPOINT WARNING * * *
x2 The electric eel shoots out a bolt of lightning at you!
The bolt of electricity hits your spectral weapon.
Your spectral weapon resists.
Your spectral weapon shares its damage with you!
The bolt of electricity hits you!
You die...

..........♣≈≈≈≈≈≈≈≈≈≈≈≈≈≈≈≈≈P≈
.####..... ♣≈≈≈≈≈≈≈≈≈≈≈≈≈≈≈≈≈P
..# #....###♣≈≈♣≈♣P≈≈≈≈≈≈≈≈≈≈≈
.## #......##≈≈≈♣P≈P≈♣≈≈≈≈≈P≈P
.# #........†..♣♣;≈≈≈♣♣≈≈≈♣≈♣
.# ##...............♣♣P≈♣♣♣P♣
.# #P.......................
.# ##......##.#.#(..........#
.###......>.....@.########P.#
..[.....\|....[...# ..
..................# .
.......?.......####
.......!..<.....#
..#P.:.........##
..##...........##
.###............#
.###...........##


You could see an electric eel and a friendly spectral scimitar of electrocution.

Vanquished Creatures
  A manticore (D:6)
  A black mamba (Lair:1)
  A spiny frog (Lair:1)
  A komodo dragon (D:8)
  A hippogriff (D:9)
  A two-headed ogre (D:8)
  Grum (Lair:1)
  2 basilisks (Lair:1)
  5 yaks (Lair:1)
  A hungry ghost (D:8)
  4 water moccasins
  A porcupine (Lair:1)
  2 orc warriors
  9 wolves
  2 phantoms
  4 black bears
  3 ice beasts
  5 ogres
  A crocodile (Lair:2)
  2 centaurs
  2 big kobolds
  9 bullfrogs
  4 scorpions
  4 killer bees (D:9)
  3 wights (D:7)
  A howler monkey (D:6)
  A bullfrog zombie (D:6)
  5 crimson imps
  3 hounds
  A quasit (D:9)
  3 orc priests (D:8)
  5 jellies
  5 orc wizards
  4 iguanas
  8 worker ants
  A hound skeleton (D:4)
  11 adders
  4 gnolls (D:3)
  2 howler monkey skeletons
  2 shadow imps (D:6)
  3 oozes
  A worm (D:3)
  4 dart slugs
  6 leopard geckos
  20 orcs
  8 giant cockroaches
  9 hobgoblins
  7 jackals
  15 kobolds
  5 quokkas
  3 bats
  4 frilled lizards
  11 goblins
  A jackal skeleton (D:6)
  A leopard gecko skeleton (D:4)
  10 rats
234 creatures vanquished.

Vanquished Creatures (collateral kills)
  An orc warrior (D:5)
1 creature vanquished.

Vanquished Creatures (others)
  A fungus (Lair:1)
  19 plants
  3 spectral weapons
23 creatures vanquished.

Grand Total: 258 creatures vanquished

Notes
Turn   | Place    | Note
-------+----------+-------------------------------------------
     0 | D:1      | Haldmier the High Elf Skald began the quest for the Orb.
     0 | D:1      | Reached XP level 1. HP: 14/14 MP: 4/4
   152 | D:1      | Reached skill level 3 in Long Blades
   352 | D:1      | Reached XP level 2. HP: 19/19 MP: 3/6
   356 | D:1      | Learned a level 2 spell: Shroud of Golubria
   619 | D:1      | Reached skill level 1 in Translocations
   767 | D:1      | Reached XP level 3. HP: 23/24 MP: 1/7
  1005 | D:1      | Learned a level 3 spell: Spectral Weapon
  1707 | D:2      | Reached skill level 4 in Long Blades
  1796 | D:2      | Reached XP level 4. HP: 22/29 MP: 2/8
  2141 | D:2      | Reached skill level 1 in Hexes
  2533 | D:3      | Found a basalt altar of Yredelemnul.
  2824 | D:3      | You fall through a shaft for 3 floors!
  2831 | D:5      | Entered Level 5 of the Dungeon
  2878 | D:5      | Reached XP level 5. HP: 20/34 MP: 3/9
  2887 | D:5      | Learned a level 3 spell: Regeneration
  3222 | D:5      | Reached skill level 5 in Long Blades
  3222 | D:5      | Reached skill level 1 in Stealth
  3222 | D:5      | Reached skill level 1 in Necromancy
  3707 | D:4      | Identified a +0 rod of shadows (9/9) (You found it on level 4 of the Dungeon)
  3954 | D:3      | Reached XP level 6. HP: 39/39 MP: 6/10
  5127 | D:5      | Reached skill level 1 in Evocations
  5329 | D:5      | Reached XP level 7. HP: 36/45 MP: 8/11
  5403 | D:5      | Found a radiant altar of Vehumet.
  5482 | D:5      | Reached skill level 1 in Armour
  6307 | D:6      | Reached skill level 6 in Long Blades
  7202 | D:6      | Reached XP level 8. HP: 44/50 MP: 10/13
  7319 | D:5      | Reached skill level 1 in Shields
  7717 | D:6      | Found Ciheix's Antique Armour Emporium.
  8008 | D:6      | Reached skill level 7 in Long Blades
  8056 | D:6      | Noticed a manticore
  8490 | D:7      | Reached skill level 5 in Charms
  8646 | D:7      | Reached XP level 9. HP: 47/54 MP: 4/15
  8953 | D:7      | Found a staircase to the Ecumenical Temple.
  9007 | Temple   | Entered the Ecumenical Temple
  9252 | D:7      | Found a stormy altar of Qazlal.
  9540 | D:8      | Found Dorurr's Magic Scroll Boutique.
  9574 | D:8      | Found a staircase to the Lair.
  9575 | D:8      | Noticed a komodo dragon
  9632 | D:8      | Reached skill level 8 in Long Blades
  9813 | D:8      | Found a snail-covered altar of Cheibriados.
 10157 | D:8      | Found an iron altar of Okawaru.
 10358 | D:8      | Found a shimmering altar of Xom.
 10369 | D:8      | Killed a komodo dragon
 10369 | D:8      | Reached skill level 9 in Long Blades
 10369 | D:8      | Reached skill level 5 in Hexes
 10612 | D:9      | Found a blossoming altar of Fedhas.
 10736 | D:9      | Reached XP level 10. HP: 47/60 MP: 10/17
 11455 | D:9      | Found a shattered altar of Ashenzari.
 11455 | D:9      | Found an opulent altar of Gozag.
 11459 | D:9      | Became a worshipper of Ashenzari the Shackled
 11593 | D:6      | Bought a runed cloak for 304 gold pieces
 11664 | D:6      | Killed a manticore
 11664 | D:6      | Reached skill level 5 in Evocations
 11776 | Lair:1   | Entered Level 1 of the Lair of Beasts
 11884 | Lair:1   | Noticed a black mamba
 11886 | Lair:1   | Noticed a spiny frog
 11899 | Lair:1   | Noticed Grum
 11902 | Lair:1   | Reached skill level 10 in Long Blades
 12123 | Lair:1   | Killed Grum
 12231 | Lair:1   | Noticed Gastronok
 12309 | Lair:1   | Killed a black mamba
 12467 | Lair:2   | Reached * piety under Ashenzari
 12502 | Lair:2   | Reached skill level 11 in Long Blades
 12505 | Lair:2   | Reached XP level 11. HP: 53/64 MP: 11/18
 12736 | Lair:2   | Noticed a four-headed hydra
 13381 | Lair:2   | Killed from afar by an electric eel

Skill      XL: |  1  2  3  4  5  6  7  8  9 10 11 |
---------------+----------------------------------+-----
Long Blades    | 3 4 5 6 7 9 11 | 11.1
Translocations | 1 2 3 4 |  4.0
Hexes          | 1 2 3 4 5 |  5.0
Stealth        | 1 2 |  2.0
Necromancy     | 1 2 3 4 |  4.0
Evocations     | 1 2 3 4 5 6 |  6.0
Armour         | 2 3 4 |  4.0
Charms         | 4 5 6 7 |  7.9
Shields        | 3 4 |  4.0
Spellcasting   | 3 4 |  4.0
Dodging        | 2 4 |  4.8
Fighting       | |  2.1

Action                   |  1- 3 |  4- 6 |  7- 9 | 10-12 || total
-------------------------+-------+-------+-------+-------++-------
Melee: Falchion          |    87 |   258 |   232 |       ||   577
       Scimitar          |       |       |    70 |   172 ||   242
Throw: Javelin           |       |       |     8 |       ||     8
 Cast: Infusion          |    19 |    31 |    24 |     2 ||    76
       Shroud of Golubri |     2 |    15 |    45 |    24 ||    86
       Spectral Weapon   |       |     3 |    27 |    20 ||    50
       Regeneration      |       |     2 |    10 |    14 ||    26
Invok: Curse Item        |       |       |       |     4 ||     4
Evoke: Rod               |       |       |     3 |       ||     3
       Wand              |       |       |     2 |       ||     2
  Use: Scroll            |       |       |    13 |     3 ||    16
       Potion            |       |       |       |     1 ||     1
 Stab: Distracted        |       |       |     4 |       ||     4
       Sleeping          |       |       |     2 |       ||     2
  Eat: Chunk             |     3 |    14 |    22 |    11 ||    50
       Royal jelly       |       |       |     1 |       ||     1
       Fruit             |       |       |     1 |     2 ||     3
       Beef jerky        |       |       |     1 |       ||     1
Armor: Leather armour    |    37 |    77 |    44 |       ||   158
       Ring mail         |       |       |    37 |    50 ||    87
Dodge: Dodged            |    35 |   134 |   120 |    82 ||   371
Block: Buckler           |       |       |    37 |    43 ||    80
       Rpst.: Falchion   |     8 |    43 |    28 |       ||    79
       Scimitar          |       |       |     4 |    29 ||    33
